 Dungeon Crawl Stone Soup version 0.28.0-53-g5a82cb258f (webtiles) character file.

Game seed: 15814416135493789597

7 Ashen the Skirmisher (level 2, 0/20 (24) HPs)
             Began as a Formicid Abyssal Knight on June 12, 2022.
             Was a Follower of Lugonu.
             Slain by Jessica
             ... wielding a +0 dagger
              (4 damage)
             ... on level 2 of the Dungeon.
             The game lasted 00:00:56 (98 turns).

Ashen the Skirmisher (Formicid Abyssal Knight)        Turns: 98, Time: 00:00:57

HP:   0/20 (24)     AC:  3    Str: 17    XL:     2   Next: 5%
MP:   3/3           EV: 11    Int:  9    God:    Lugonu [*.....]
Gold: 0             SH:  0    Dex: 11    Spells: 1/1 levels left

rFire   . . .      SeeInvis +   a - +1 falchion
rCold   . . .      Faith    .   (no shield)
rNeg    . . .      Spirit   .   b - +0 leather armour
rPois   .          Reflect  .   (helmet unavailable)
rElec   .          Harm     .   (no cloak)
rCorr   .          Rampage  .   (no gloves)
Will    .....                   (no boots)
Stlth   +.........              (no amulet)
HPRegen 0.06/turn               (no ring)
MPRegen 0.08/turn               (no ring)

@: heavily drained
A: permanent stasis, dig shafts and tunnels, antennae 3, four strong arms
a: Dig, Shaft Self, Renounce Religion, Depart the Abyss


You were on level 2 of the Dungeon.
You worshipped Lugonu.
Lugonu was aware of your devotion.
You visited 1 branch of the dungeon, and saw 2 of its levels.
You visited the Abyss 1 time.

Inventory:

Hand Weapons
 a - a +1 falchion (weapon)
Armour
 b - a +0 leather armour (worn)
Jewellery
 c - a ring of wizardry


   Skills:
 + Level 3.4 Fighting
 + Level 2.1 Long Blades
 + Level 2.3 Armour
 + Level 1.1 Dodging
 + Level 2.3 Invocations


You had one spell level left.
You didn't know any spells.
Your spell library was empty.

Dungeon Overview and Level Annotations

Branches:
Dungeon (1/15)

Altars:

Annotations:
D:2 Jessica


Innate Abilities, Weirdness & Mutations

You cannot be hasted, slowed, berserked, paralysed or teleported.
You can dig through walls and to a lower floor.
You have a pair of large antennae on your head. (SInv)
Your four strong arms can wield two-handed weapons with a shield.


Message History

The ball python bites you. The ball python constricts you.
You begin to dig a shaft.
You continue digging a shaft.
The ball python bites you.
* * * LOW HITPOINT WARNING * * *
The ball python constricts you.
* * * LOW HITPOINT WARNING * * *
A shaft appears beneath you!
You fall into a shaft and drop 1 floor!
The shaft crumbles and collapses.
The ball python loses its grip on you.
Found a stone staircase leading down.
Jessica very coldly says, "I hate your company."
Found a whip.
Found a hand axe.
Found a stone staircase leading down.
Are you sure you want to shaft yourself? [Y]es or [N]o only, please.
Are you sure you want to shaft yourself?
Okay, then.
You extend your mandibles.
You dig through the rock wall.
You feel drained.
You dig through the rock wall.
You feel drained.
A ball python comes into view.
The ball python hisses angrily.
You retract your mandibles.
You slash the ball python!
You kill the ball python!
Lugonu accepts your kill.
You have reached level 2!
Jessica points at you and mumbles some strange words.
You resist with some effort.
Jessica casts a spell.
Jessica seems to speed up.
Jessica gestures wildly while chanting.
Jessica blinks!
Jessica shouts, "Stop bothering me, or I'll kill you!"
You hit Jessica but do no damage. Jessica hits you with a +0 dagger.
* * * LOW HITPOINT WARNING * * *
You hit Jessica.
Jessica is severely wounded.
Jessica hits you with a +0 dagger.
You die...

#.>..# #.# #....#
##.### #....#
#....# #....#
#....# #....#
#....# #....#
#....# #....#
#....#
#....#####....###
#.......@@........
###+#####.#+#.....
#.# ..... ..#
..... ...# ....
)..# ### >....
#+#.)


You could see Jessica (fast).

Vanquished Creatures
  A ball python (D:2)
  An endoplasm (D:1)
  A goblin (D:1)
  2 hobgoblins (D:1)
5 creatures vanquished.

Notes
Turn   | Place    | Note
-------+----------+-------------------------------------------
     0 | Abyss:1  | Ashen the Formicid Abyssal Knight began the quest for the
                  | Orb.
     0 | Abyss:1  | Reached XP level 1. HP: 18/18 MP: 2/2
    10 | D:1      | Escaped the Abyss
    40 | D:1      | Reached skill level 1 in Dodging
    57 | D:1      | You fall into a shaft and drop 1 floor!
    57 | D:2      | Noticed Jessica
    81 | D:2      | Reached XP level 2. HP: 7/20 MP: 3/3
    98 | D:2      | Slain by Jessica

Illustrated notes

Levels and vault maps discovered:
D:1:      heliophobic_arrival_battle_scene, layout_basic, st_stairs_1,
          chequers_serial_rivers_marsh
D:2:      layout_basic, uniq_jessica

Skill      XL: |  1 |
---------------+----+-----
Dodging        | 1 |  1.1
Fighting       | |  3.4
Long Blades    | |  2.1
Armour         | |  2.3
Invocations    | |  2.3

Action                   || total
-------------------------++-------
Melee: Falchion          ||    18
 Abil: Dig               ||     1
       Shaft Self        ||     1
Armor: Leather armour    ||     2
Dodge: Dodged            ||    10
